 Dungeon Crawl Stone Soup version 0.32-a0-86-g8db1b9f803 (webtiles) character file.

Game seed: 2297679040253576741

1189 Newt the Trooper (level 8, -1/53 HPs)
             Began as a Gargoyle Fighter on Feb 5, 2024.
             Was an Initiate of Makhleb.
             Slain by a yak (7 damage)
             ... on level 6 of the Dungeon.
             The game lasted 00:06:14 (4745 turns).

Newt the Trooper (Gargoyle Fighter)                 Turns: 4745, Time: 00:06:15

Health: -1/53      AC: 22    Str: 22    XL:     8   Next: 43%
Magic:  8/8        EV:  6    Int:  9    God:    Makhleb [......]
Gold:   264        SH:  4    Dex:  9    Spells: 7/7 levels left

rFire   . . .        g - +2 dagger (venom)
rCold   . . .        c - +0 buckler
rNeg    + . .        y - +3 plate armour
rPois   ∞            h - +0 helmet
rElec   +            (no cloak)
rCorr   .            (no gloves)
SInv    .            (no boots)
Will    +....        j - amulet of faith Stlth
                     w - ring of willpower
HPRegen 0.28/turn    (no ring)
MPRegen 0.11/turn

%: faith
@: mighty, about to teleport
A: sickness immunity, AC +5, negative energy resistance 1, electricity
resistance, torment resistance 1, petrification resistance
a: Renounce Religion


You were on level 6 of the Dungeon.
You worshipped Makhleb.
Makhleb was noncommittal.
You visited 1 branch of the dungeon, and saw 6 of its levels.

You collected 264 gold pieces.

Inventory:

Hand Weapons
 a - a +0 flail
 g - a +2 dagger of venom (weapon)
Missiles
 o - a throwing net (quivered)
Armour
 b - a +0 scale mail
 c - a +0 buckler (worn)
 h - a +0 helmet (worn)
 k - an orb of light
 y - a +3 plate armour (worn)
Jewellery
 j - an amulet of faith (around neck)
 w - a ring of willpower (left hand)
Wands
 u - a wand of mindburst (9)
Scrolls
 e - 2 scrolls of vulnerability
 l - a scroll of enchant armour
 m - a scroll of torment
 n - a scroll of fear {unknown}
 q - a scroll of fog {unknown}
 r - a scroll of identify
 t - 2 scrolls of teleportation
 v - a scroll of immolation {unknown}
Potions
 d - 2 potions of might
 f - a potion of berserk rage {unknown}
 i - a potion of degeneration {unknown}
 p - 4 potions of curing {unknown}
 s - a potion of brilliance {unknown}
 x - a potion of mutation {unknown}
 z - a potion of invisibility {unknown}
 A - 2 potions of haste {unknown}
 B - a potion of resistance {unknown}


   Skills:
 + Level 7.0 Fighting
 - Level 2.0 Short Blades
 - Level 2.5 Maces & Flails
 - Level 5.6 Armour
 - Level 4.6 Stealth
 - Level 3.2 Shields
 * Level 3.7 Evocations


You had 7 spell levels left.
You didn't know any spells.
Your spell library contained the following spells:

 Spells                   Type           Power      Damage    Failure   Level
 Apportation              Tloc           0%         N/A       100%        1
 Sting                    Conj/Alch      0%         1d3       100%        1
 Blink                    Tloc           0%         N/A       100%        2
 Jinxbite                 Hex            0%         N/A       100%        2
 Lesser Beckoning         Tloc           0%         N/A       100%        2
 Mercury Vapours          Alch/Air       0%         N/A       100%        2
 Momentum Strike          Conj/Tloc      0%         3d8       100%        2
 Olgreb's Toxic Radiance  Alch           0%         N/A       100%        4
 Alistair's Intoxication  Alch           0%         N/A       100%        5


Dungeon Overview and Level Annotations

Branches:
Dungeon (7/15)
 Temple: D:4-7

Altars:
Makhleb
Yredelemnul
The Shining One

Annotations:
D:7 Joseph


Innate Abilities, Weirdness & Mutations

You are immune to sickness and miasma.
Your stone body is resilient. (AC +5)
You are immune to poison.
You resist negative energy. (rN+)
You are resistant to electric shocks. (rElec)
You are resistant to unholy torment.
You are immune to petrification.


Message History

Things that are here:
a +0 dagger; a +0 leather armour You start resting.
An orc comes into view. It is wielding a +0 dagger.
An orc is nearby! 3 yaks come into view.
The orc shouts!
The yak bellows! x3
You block the orc's attack.
An orc comes into view. It is wielding a +0 club.
The yak moves out of view.
Things that are here:
an iguana corpse; a scorpion corpse
There is an open door here.
Things that are here:
a +0 dagger; a +0 leather armour You puncture the orc!
You kill the orc!
Makhleb accepts your kill.
You hit the yak.
The yak is poisoned.
The yak is lightly wounded.
The yak gores you.
* * * LOW HITPOINT WARNING * * *
As you read the scroll labelled PUYRYRATHREK, it crumbles to dust.
You feel strangely unstable.
It was a scroll of teleportation.
The yak gores you but does no damage.
Unknown command.
You hit the yak.
The yak looks as sick as possible!
The yak is moderately wounded.
The yak gores you but does no damage.
Unknown command.
You puncture the yak!
The yak is heavily wounded.
The yak gores you.
* * * LOW HITPOINT WARNING * * *
Unknown command.
Unknown command.
You hit the yak.
The yak looks as sick as possible!
The yak is severely wounded.
The yak gores you!
You die...

####
##..##
#....#
+..Y.####
##YY##..##
#'#@)...#
..Y##[)..#
#.Y..
##..##
#....o
##'#
#...ß. ..#
#.....
..)#
##....
..)# ..##
###


You could see 3 yaks.

Vanquished Creatures
  A steam dragon (D:6)
  An orc warrior (D:7)
  An ogre (D:7)
  A phantom (D:6)
  A gnoll sergeant (D:6)
  A bullfrog (D:7)
  2 scorpions
  A howler monkey (D:4)
  A jelly (D:7)
  4 hounds
  A gnoll bouda (D:4)
  5 iguanas
  An orc wizard (D:4)
  4 adders
  9 gnolls
  A white imp (D:7)
  An ufetubus (D:6)
  A ribbon worm (D:2)
  4 dart slugs
  7 orcs
  8 bats
  2 endoplasms
  A giant cockroach (D:3)
  8 goblins
  6 hobgoblins
  7 jackals
  3 kobolds
  A quokka (D:3)
  5 ball pythons
  4 frilled lizards
  8 rats
101 creatures vanquished.

Notes
Turn   | Place    | Note
-------+----------+-------------------------------------------
     0 | D:1      | Newt the Gargoyle Fighter began the quest for the Orb.
     0 | D:1      | Reached XP level 1. HP: 14/14 MP: 1/1
   116 | D:1      | Reached XP level 2. HP: 19/19 MP: 2/2
   468 | D:1      | Reached skill level 1 in Short Blades
   596 | D:1      | Reached XP level 3. HP: 24/24 MP: 3/3
   929 | D:2      | Reached skill level 4 in Fighting
   979 | D:2      | Found a glowing golden altar of the Shining One.
  1010 | D:2      | Reached XP level 4. HP: 29/29 MP: 4/4
  1949 | D:3      | Reached XP level 5. HP: 26/34 MP: 5/5
  2233 | D:3      | Reached skill level 5 in Armour
  2375 | D:3      | Reached XP level 6. HP: 16/40 MP: 6/6
  2388 | D:4      | Reached skill level 5 in Fighting
  2736 | D:3      | Found a basalt altar of Yredelemnul.
  3061 | D:4      | Reached skill level 1 in Stealth
  3542 | D:4      | Reached XP level 7. HP: 44/44 MP: 7/7
  3700 | D:4      | You fall into a shaft and drop 3 floors!
  3784 | D:7      | HP: 1/45 [white imp/puff of frost (7)]
  4028 | D:7      | Reached skill level 6 in Fighting
  4076 | D:7      | Found a burning altar of Makhleb.
  4092 | D:7      | Became a worshipper of Makhleb the Destroyer
  4129 | D:7      | Reached skill level 1 in Evocations
  4194 | D:7      | Noticed Joseph
  4221 | D:7      | HP: 2/47 [Joseph/sling bullet (6)]
  4600 | D:6      | Reached XP level 8. HP: 34/52 MP: 8/8
  4717 | D:6      | Reached skill level 7 in Fighting
  4738 | D:6      | Noticed a yak
  4738 | D:6      | Noticed a yak
  4738 | D:6      | Noticed a yak
  4745 | D:6      | Slain by a yak

Illustrated notes

Levels and vault maps discovered:
D:1:      zaba_arrival_water, layout_basic
D:2:      layout_basic, basic_altar, minmay_misc_feat_nine_boxes
D:3:      layout_basic, mainiacjoe_overflow_small_starburst,
          cheibrodos_gnoll_hut
D:4:      layout_loops_ring
D:6:      minmay_bubble_buster, layout_basic, kennysheep_small_square,
          uniq_sigmund
D:7:      kennysheep_spiral_hall, layout_loops_corners,
          nemelex_dance_club_becter, mainiacjoe_overflow_boulevard,
          serial_shops, shop, minmay_holes, uniq_menkaure, uniq_joseph

Skill      XL: |  1  2  3  4  5  6  7  8 |
---------------+-------------------------+-----
Short Blades   | 1 2 |  2.0
Fighting       | 4 5 6 7 |  7.0
Armour         | 4 5 |  5.6
Stealth        | 2 4 |  4.6
Evocations     | 1 3 |  3.7
Maces & Flails | |  2.5
Shields        | |  3.2

Action                     |  1- 3 |  4- 6 |  7- 9 || total
---------------------------+-------+-------+-------++-------
  Melee: Flail             |    21 |       |       ||    21
         Dagger            |    97 |   157 |   139 ||   393
  Evoke: Wand              |       |       |     3 ||     3
    Use: Scroll            |     2 |     2 |     1 ||     5
         Potion            |       |       |     2 ||     2
 Armour: Scale mail        |    91 |   117 |    42 ||   250
         Plate armour      |       |       |   100 ||   100
  Dodge: Dodged            |    65 |    75 |    31 ||   171
  Block: Buckler           |    34 |    38 |    29 ||   101

Table legend: (Time is in decaauts)
 A = Elapsed time spent in this place.
 B = Non-inter-level travel time spent in this place.
 C = Inter-level travel time spent in this place.
 D = Time resting spent in this place.
 E = Time spent auto-exploring this place.
 F = Levels seen in this place.
 G = Mean time per level.
                   A        B        C        D        E       F      G
               +--------+--------+--------+--------+--------+-----+--------+
         Total |   4738 |   4639 |     99 |   1432 |   2378 |   6 |  789.7 |
       Dungeon |   4738 |   4639 |     99 |   1432 |   2378 |   6 |  789.7 |
               +--------+--------+--------+--------+--------+-----+--------+

Top non-repeatable levels by time:
     D:3: 1333 daAuts
     D:4: 930 daAuts
     D:2: 723 daAuts
     D:1: 714 daAuts
     D:7: 519 daAuts
     D:6: 517 daAuts
